 Dungeon Crawl Stone Soup version 0.27.1-33-g824d729ab1 (webtiles) character file.

Game seed: 4343419062653770181

11522 ZappyNine the Grappler (level 11, -17/58 (62) HPs)
             Began as a Vine Stalker Fighter on Nov 25, 2021.
             Was a Priest of Ru.
             Demolished by a boulder beetle (41 damage)
             ... on level 12 of the Dungeon on Nov 26, 2021.
             The game lasted 00:25:53 (11034 turns).

ZappyNine the Grappler (Vine Stalker Fighter)      Turns: 11034, Time: 00:25:53

HP:   -17/58 (62)   AC: 13    Str: 19    XL:     11   Next: 79%
MP:   0/12          EV: 17    Int: 13    God:    Ru [***...]
Gold: 715           SH:  0    Dex: 17    Spells: 10/10 levels left

rFire    . . .     SeeInvis .     - Unarmed
rCold    . . .     Faith    .   (no shield)
rNeg     + . .     Spirit   +   a - +0 scale mail
rPois    .         Reflect  .   k - +2 helmet
rElec    .         Harm     .   (no cloak)
rCorr    +         Rampage  .   (no gloves)
Will     +....                  e - +1 pair of boots
Stlth    ..........             H - amulet of Gyunn {Regen+ rCorr}
HPRegen  2.19/turn              x - +4 ring of evasion
MPRegen  0.13/turn              E - ring "Lake" {rN+ Int+5}

@: exhausted, unable to drink, drained
A: no potions, fangs 3, regeneration 1, magic shield, antimagic bite, no potion
heal 2, inability to drink while threatened, no stealth, no hexes magic, no
necromancy magic, no poison magic, thin skeletal structure 1, clumsy 1, mutation
resistance 1
a: Renounce Religion, Sacrifice Purity, Sacrifice Nimbleness, Sacrifice a Hand,
Reject Sacrifices, Draw Out Power


You were on level 12 of the Dungeon.
You worshipped Ru.
Ru was most pleased with you.
You visited 1 branch of the dungeon, and saw 12 of its levels.
You also visited: Sewer and Ossuary.

You collected 1354 gold pieces.
You spent 639 gold pieces at shops.

Inventory:

Hand Weapons
 j - a +0 dagger of protection
Missiles
 d - a throwing net (quivered)
 K - 4 silver javelins
Armour
 a - a +0 scale mail (worn)
 b - a +0 kite shield
 e - a +1 pair of boots (worn)
 k - a +2 helmet (worn)
 t - a +0 pair of boots
Jewellery
 f - a ring of ice
 n - the ring of Jucuag {Fire rN+ Dex+4}
   (You found it on level 5 of the Dungeon)

   [ring of fire]

   It enhances your fire magic.
   Dex:       It affects your dexterity (+4).
   rF:        It protects you from fire.
   rC:        It makes you vulnerable to cold.
   rN:        It protects you from negative energy.
 x - a +4 ring of evasion (left hand)
 z - a ring of magical power
 E - the ring "Lake" (right hand) {rN+ Int+5}
   (You found it on level 7 of the Dungeon)

   [ring of positive energy]

   Int:       It affects your intelligence (+5).
   rN:        It protects you from negative energy.
 H - the amulet of Gyunn (around neck) {Regen+ rCorr}
   (You bought it in a shop on level 9 of the Dungeon)

   [amulet of regeneration]

   Regen:     It increases your rate of health regeneration.
   rCorr:     It protects you from acid and corrosion.
Wands
 F - a wand of acid (14)
 J - a wand of iceblast (18)
 N - a wand of polymorph (5)
Scrolls
 g - 4 scrolls of fog
 h - 4 scrolls of identify
 i - 2 scrolls of blinking
 m - 5 scrolls of teleportation
 r - 4 scrolls of amnesia
 u - 2 scrolls of fear
 y - 6 scrolls of noise
 B - 2 scrolls of enchant weapon
 I - a scroll of summoning
 L - 2 scrolls of holy word
Potions
 c - a potion of might
 l - 3 potions of heal wounds
 o - a potion of ambrosia
 p - 3 potions of curing
 q - 3 potions of flight
 s - a potion of berserk rage {unknown}
 v - 2 potions of haste
 w - 2 potions of degeneration
 A - 3 potions of lignification
 G - 5 potions of attraction
 M - a potion of magic


   Skills:
 + Level 9.3 Fighting
 - Level 6.0 Armour
 + Level 6.6 Dodging
 - Level 2.7 Shields
 * Level 11.8 Unarmed Combat


You had 10 spell levels left.
You didn't know any spells.
Your spell library contained the following spells:

 Spells                   Type           Power      Damage    Failure   Level
 Blink                    Tloc           N/A        N/A       77%         2
 Lesser Beckoning         Tloc           0%         N/A       94%         3
 Petrify                  Tmut/Erth      0%         N/A       100%        4
 Manifold Assault         Tloc           0%         N/A       100%        5
 Statue Form              Tmut/Erth      0%         N/A       100%        6
 Slow                     Hex            Unusable   N/A       N/A         2
 Confusing Touch          Hex            Unusable   N/A       N/A         3
 Vampiric Draining        Necr           Unusable   2d6       N/A         3
 Metabolic Englaciation   Hex/Ice        Unusable   N/A       N/A         5

Dungeon Overview and Level Annotations

Branches:
Dungeon (12/15)            Temple (0/1) D:5            Lair (0/6) D:10
  Sewer (visited)         Ossuary (visited)
    Orc: D:9-12

Altars:
Ashenzari
Elyvilon
Fedhas
Hepliaklqana
Makhleb
Nemelex Xobeh
Qazlal
Ru
Sif Muna
Uskayaw
Vehumet

Shops:
D:6 :   D:8 =   D:9 (!=

Annotations:
D:6 exclusion: statue
D:7 2 transporters, safid's ghost, novice HOFi


Innate Abilities, Weirdness & Mutations

You cannot drink.
You have razor-sharp teeth.
Your natural rate of healing is unusually fast.
When hurt, damage is shared between your health and your magic reserves.
Your bite disrupts and absorbs the magic of your enemies.
Potions cannot restore your health.
You sometimes lose the ability to drink potions when taking damage.
You cannot be stealthy.
You cannot study or cast Hexes magic.
You cannot study or cast Necromancy magic.
You cannot study or cast Poison magic.
You have a somewhat thin skeletal structure. (Dex +2, Stealth+)
You are clumsy. (Dex -2)
You are somewhat resistant to further mutation.


Message History

You bite the boulder beetle, but do no damage.
The boulder beetle is moderately wounded.
The boulder beetle bites you!!
You hit the boulder beetle but do no damage.
The boulder beetle is moderately wounded.
The boulder beetle completely misses you.
You hit the boulder beetle but do no damage.
You bite the boulder beetle, but do no damage.
The boulder beetle is moderately wounded.
The boulder beetle bites you!
You feel threatened and lose the ability to drink potions!
You hit the boulder beetle but do no damage.
The boulder beetle is moderately wounded.
You hit the boulder beetle but do no damage.
You punch the boulder beetle!
You bite the boulder beetle, but do no damage.
The boulder beetle is moderately wounded.
You can drink potions again.
The boulder beetle bites you!
You hit the boulder beetle but do no damage.
You bite the boulder beetle, but do no damage.
The boulder beetle is moderately wounded.
The boulder beetle bites you!!
You feel threatened and lose the ability to drink potions!
* * * LOW HITPOINT WARNING * * *
You focus your inner power and illuminate the boulder beetle in retribution!
The boulder beetle curls into a ball and begins rolling!
Unknown command.
You are restored by drawing out deep reserves of power within.
You feel drained.
The boulder beetle stops glowing.
The boulder beetle hits you!!!
Ouch! That really hurt!
* * * LOW HITPOINT WARNING * * *
The boulder beetle stops rolling and uncurls.
You focus your inner power and slow the boulder beetle in retribution!
The boulder beetle curls into a ball and begins rolling!
Found a dagger.
The boulder beetle hits you!!!
Ouch! That really hurt!
You die...

#.# #..............#
#.########...............
#........................
#........................
###########..####....####
#..# #°<..# #..# #B...#
#..# #○...# #.@####....#
#..B○°°....#
...................
...................
.....)...##...####..
######...##...# ..
#...##...# #...##...#
#...##...#


You could see a boulder beetle (rolling).

Vanquished Creatures
  A fire giant (D:11)
  Fannar (D:11)
  Erica (D:9)
  A two-headed ogre (D:10)
  2 centaur zombies (D:11)
  A tengu conjurer (D:11)
  3 trolls
  Prince Ribbit (D:5)
  3 slime creatures (D:12)
  Sigmund (D:2)
  2 wyverns
  Eustachio (D:5)
  A vampire (D:7)
  A basilisk (D:11)
  A steam dragon (D:7)
  4 vampire mosquitoes (D:8)
  A water moccasin (D:7)
  An acid dragon (D:7)
  Duvessa (D:6)
  5 orc warriors
  2 ice beasts
  2 black bears
  2 necrophages (D:4)
  4 ogres
  2 centaurs
  A phantom (D:5)
  A kobold brigand (Sewer)
  5 bullfrogs
  2 scorpions
  Dowan (D:6)
  A water moccasin zombie (D:3)
  5 killer bees (D:10)
  5 wights (D:9)
  An electric eel (D:6)
  3 howler monkeys
  3 centaur skeletons
  3 jellies
  A gnoll shaman (D:7)
  A hound (D:6)
  7 orc priests
  A bullfrog skeleton (D:6)
  2 iguanas (D:7)
  12 orc wizards
  2 killer bee zombies
  A mummy (Ossuary)
  A river rat (Sewer)
  9 adders
  6 gnolls
  A white imp (D:8)
  An ufetubus (D:6)
  An adder skeleton (D:4)
  3 worms
  3 dart slugs
  31 orcs
  A spectral bat (Ossuary)
  A bat simulacrum (Ossuary)
  9 endoplasms
  4 giant cockroaches
  8 goblins
  8 hobgoblins
  11 jackals
  7 quokkas
  11 ball pythons
  7 bats
  5 frilled lizards
  12 gnoll zombies (Ossuary)
  4 goblin zombies (Ossuary)
  5 hobgoblin zombies (Ossuary)
  14 kobolds
  5 kobold simulacra (Ossuary)
  4 kobold zombies (Ossuary)
  5 orc zombies (Ossuary)
  13 rats
  5 rat simulacra (Ossuary)
  5 spectral goblins (Ossuary)
  2 spectral kobolds (Ossuary)
  4 spectral rats (Ossuary)
309 creatures vanquished.

Vanquished Creatures (others)
  An orc warrior (D:8)
  An orc wizard (D:10)
  A gnoll (D:7)
  3 orcs
  5 fungi (D:10)
  4 plants
  5 toadstools (D:1)
20 creatures vanquished.

Grand Total: 329 creatures vanquished

Notes
Turn   | Place    | Note
-------+----------+-------------------------------------------
     0 | D:1      | ZappyNine the Vine Stalker Fighter began the quest for the
                  | Orb.
     0 | D:1      | Reached XP level 1. HP: 11/11 MP: 2/2
   355 | D:1      | Reached XP level 2. HP: 16/16 MP: 3/3
   604 | D:1      | Found a faded altar of an unknown god.
   871 | D:1      | Reached XP level 3. HP: 9/20 MP: 2/4
  1797 | D:2      | Noticed Sigmund
  1813 | D:2      | Killed Sigmund
  1814 | D:2      | Reached skill level 3 in Unarmed Combat
  1814 | D:2      | Gained mutation: Your natural rate of healing is unusually
                  | fast. [Vine Stalker growth]
  1814 | D:2      | Reached XP level 4. HP: 9/25 MP: 3/5
  1814 | D:2      | Reached XP level 5. HP: 10/29 MP: 3/6
  1828 | D:2      | Found a blossoming altar of Fedhas.
  1871 | D:2      | Reached XP level 6. HP: 30/33 MP: 5/7
  2508 | D:3      | Reached skill level 4 in Unarmed Combat
  3014 | D:3      | Reached XP level 7. HP: 38/38 MP: 8/8
  3046 | D:3      | Found a hazy altar of Hepliaklqana.
  3049 | D:3      | Found a sacrificial altar of Ru.
  3053 | D:3      | Found a burning altar of Makhleb.
  3064 | D:3      | Became a worshipper of Ru the Awakened
  3139 | D:3      | Found a glowing drain.
  3148 | Sewer    | Entered a sewer
  3262 | Sewer    | Found a white marble altar of Elyvilon.
  3485 | D:4      | Found a broken altar of Ashenzari.
  3499 | D:4      | Reached skill level 5 in Fighting
  3499 | D:4      | Reached skill level 5 in Unarmed Combat
  3640 | D:4      | Gained mutation: You have razor-sharp teeth. [Vine Stalker
                  | growth]
  3640 | D:4      | Reached XP level 8. HP: 12/43 MP: 4/9
  3723 | D:4      | Found a sand-covered staircase.
  3730 | Ossuary  | Entered an ossuary
  3797 | Ossuary  | Gained mutation: You sometimes lose the ability to drink
                  | potions when taking damage. [Ru sacrifice]
  3797 | Ossuary  | Reached * piety under Ru
  4244 | D:4      | Reached skill level 5 in Armour
  4467 | D:4      | Reached skill level 1 in Dodging
  5016 | D:5      | Entered Level 5 of the Dungeon
  5203 | D:5      | Noticed Eustachio
  5215 | D:5      | Killed Eustachio
  5216 | D:5      | Reached skill level 6 in Unarmed Combat
  5319 | D:5      | Identified the ring of Jucuag {Fire rN+ Dex+4}
  5543 | D:5      | Noticed Prince Ribbit
  5555 | D:5      | Killed Prince Ribbit
  5637 | D:5      | Reached XP level 9. HP: 45/48 MP: 8/10
  5661 | D:5      | Found a staircase to the Ecumenical Temple.
  6061 | D:6      | Found Kusyst's Book Emporium.
  6145 | D:6      | Found a radiant altar of Vehumet.
  6147 | D:6      | Gained mutation: You cannot be stealthy. [Ru sacrifice]
  6147 | D:6      | Reached ** piety under Ru
  6451 | D:6      | Noticed a troll
  6461 | D:6      | Killed a troll
  6559 | D:6      | Reached skill level 7 in Unarmed Combat
  6591 | D:6      | Noticed Dowan
  6594 | D:6      | Noticed Duvessa
  6611 | D:6      | Killed Duvessa
  6612 | D:6      | Killed Dowan
  6902 | D:6      | Found a sparkling altar of Nemelex Xobeh.
  7194 | D:7      | Found a transporter.
  7194 | D:7      | Noticed safid's ghost (novice HOFi)
  7201 | D:7      | Found a transporter.
  7399 | D:7      | Reached skill level 8 in Unarmed Combat
  7419 | D:7      | Found a white marble altar of Elyvilon.
  7428 | D:7      | Identified the ring "Lake" {rN+ Int+5}
  7537 | D:7      | Reached XP level 10. HP: 32/55 MP: 9/11
  7847 | D:8      | Found Wuwizousa's Jewellery Shop.
  8035 | D:8      | Found a shimmering blue altar of Sif Muna.
  8068 | D:8      | Gained mutation: You cannot study or cast Poison magic. [Ru
                  | sacrifice]
  8068 | D:8      | Gained mutation: You cannot study or cast Hexes magic. [Ru
                  | sacrifice]
  8068 | D:8      | Gained mutation: You cannot study or cast Necromancy magic.
                  | [Ru sacrifice]
  8068 | D:8      | Reached *** piety under Ru
  8099 | D:8      | Reached skill level 9 in Unarmed Combat
  8201 | D:8      | Found a hide-covered altar of Uskayaw.
  8550 | D:9      | Found Heuhe Ciobu's Distillery.
  8607 | D:9      | Found Milein's Jewellery Shoppe.
  8611 | D:9      | Bought the amulet of Gyunn {Regen+ rCorr} for 639 gold
                  | pieces
  8637 | D:9      | Noticed Erica
  8650 | D:9      | Killed Erica
  8651 | D:9      | Reached skill level 5 in Dodging
  9057 | D:9      | Reached skill level 10 in Unarmed Combat
  9097 | D:9      | Found Baeqiwug's Antique Weapon Shoppe.
  9490 | D:10     | Entered Level 10 of the Dungeon
  9638 | D:10     | Found a stormy altar of Qazlal.
  9658 | D:10     | Noticed a two-headed ogre
  9682 | D:10     | Killed a two-headed ogre
  9683 | D:10     | Reached XP level 11. HP: 27/60 MP: 6/12
  9850 | D:10     | Found a staircase to the Lair.
 10316 | D:11     | Noticed Fannar
 10326 | D:11     | Reached skill level 11 in Unarmed Combat
 10361 | D:11     | Killed Fannar
 10632 | D:11     | Identified a scroll of acquirement
 10634 | D:11     | Acquired 500 gold pieces
 10697 | D:11     | Noticed a fire giant
 10711 | D:11     | HP: 3/62 [fire giant/fireball (59)]
 10795 | D:10     | Gained mutation: You have a somewhat thin skeletal
                  | structure. (Dex +2, Stealth+) [potion of mutation]
 10795 | D:10     | Gained mutation: You are clumsy. (Dex -2) [potion of
                  | mutation]
 10795 | D:10     | Gained mutation: You are somewhat resistant to further
                  | mutation. [potion of mutation]
 10818 | D:11     | Killed a fire giant
 11002 | D:12     | Noticed a boulder beetle
 11024 | D:12     | HP: 2/58 [boulder beetle (37)]
 11034 | D:12     | Demolished by a boulder beetle

Illustrated notes

Levels and vault maps discovered:
D:1:      ebering_trefoil_twist, layout_basic, shapermc_ecumenical_altar_ellora,
          minmay_gold_behind_fungi, minmay_tromino_v4_c
D:2:      layout_loops_ring, basic_altar, minmay_misc_feat_hallway, uniq_sigmund
D:3:      layout_rooms, grunt_temple_overflow_diamond, portal_sewer_entry_e,
          minmay_between
D:4:      layout_basic, ashenzari_conservatory_becter,
          nicolae_ossuary_entry_monument
D:5:      layout_basic, minmay_temple_entry_gardened_gates, minivault_24,
          hangedman_abyss_or_decor_passed, minmay_misc_feat_nine_boxes,
          uniq_eustachio, uniq_prince_ribbit1
D:6:      layout_basic, lemuel_coloured_pillars_altar, vehumet_statue,
          serial_shops, shop, amcnicky_mini_pool_medium, uniq_duvessa
D:7:      layout_basic, mainiacjoe_overflow_24_doors, gammafunk_ghost_arena,
          minmay_microvault
D:8:      layout_gridville, lemuel_tele_altar, nicolae_overflow_hidden_temple,
          serial_shops, nicolae_inconvenience_store
D:9:      layout_stronghold, serial_shops, nicolae_shop_waterfront,
          kennysheep_little_box, shop, kennysheep_mini, centaur_isle, uniq_erica
D:10:     layout_big_octagon, mainiacjoe_overflow_paths,
          grunt_lair_entry_orc_guard_hut, hangedman_abyss_or_decor_stabs,
          chequers_serial_rivers_room_b
D:11:     layout_rooms, serial_glass, glass_columns_a, glass_columns_b,
          kennysheep_just_a_vault, uniq_fannar
D:12:     layout_small_grid, david_orc_2

Skill      XL: |  1  2  3  4  5  6  7  8  9 10 11 |
---------------+----------------------------------+-----
Fighting       | 3 4 5 6 7 8 9 |  9.3
Armour         | 3 4 5 6 |  6.0
Unarmed Combat | 3 4 5 6 8 10 11 | 11.8
Dodging        | 2 4 5 6 |  6.6
Shields        | |  2.7

Action                   |  1- 3 |  4- 6 |  7- 9 | 10-12 || total
-------------------------+-------+-------+-------+-------++-------
Melee: Unarmed           |   137 |   146 |   494 |   390 ||  1167
       Bite              |    37 |    44 |   184 |   156 ||   421
       Punch             |       |       |     8 |    27 ||    35
Invok: Sacrifice Drink   |       |       |     1 |       ||     1
       Sacrifice Stealth |       |       |     1 |       ||     1
       Sacrifice Arcana  |       |       |       |     1 ||     1
       Draw Out Power    |       |       |       |     1 ||     1
  Use: Potion            |     1 |       |       |     3 ||     4
       Scroll            |       |       |    14 |    13 ||    27
 Stab: Invisible         |       |       |       |     2 ||     2
Armor: Scale mail        |    78 |    61 |   210 |   124 ||   473
Dodge: Dodged            |    35 |    50 |   267 |   279 ||   631
Block: Kite shield       |    65 |    65 |   132 |       ||   262
